 Dungeon Crawl Stone Soup version 0.30-b1-2-g02819fbbbe (webtiles) character file.

Game seed: 10265309698343591769

6283 Dirian the Cleaver (level 10, -5/91 HPs)
             Began as a Minotaur Berserker on May 13, 2023.
             Was a Priest of Trog.
             Slain by a tentacled starspawn (6 damage)
             ... on level 1 of the Abyss.
             The game lasted 00:11:16 (7541 turns).

Dirian the Cleaver (Minotaur Berserker)             Turns: 7541, Time: 00:11:16

Health: -5/91      AC: 14    Str: 26    XL:     10   Next: 63%
Magic:  9/9        EV: 11    Int:  4    God:    Trog [***...]
Gold:   389        SH:  0    Dex: 10    Spells: 9/9 levels left

rFire   . . .        z - +0 war axe (freeze)
rCold   + . .        (no shield)
rNeg    + . .        v - +0 acid dragon scales
rPois   .            C - +0 hat {Will+}
rElec   .            p - +2 cloak
rCorr   +            (no gloves)
SInv    .            k - +1 pair of boots
Will    +++..        (no amulet)
Stlth   +            j - ring of protection from cold
HPRegen 1.00/turn    e - ring of positive energy
MPRegen 0.11/turn

%: no passive effects
@: strong-willed, on berserk cooldown, sick, regenerating, slowed, very slow
A: horns 2, retaliatory headbutt
a: Renounce Religion, Berserk, Trog's Hand


You were on level 1 of the Abyss.
You worshipped Trog.
Trog was most pleased with you.
You visited 1 branch of the dungeon, and saw 8 of its levels.
You visited the Abyss 1 time.
You also visited: Sewer.

You collected 389 gold pieces.

Inventory:

Hand Weapons
 z - a +0 war axe of freezing (weapon)
Missiles
 g - a throwing net (quivered)
Armour
 k - a +1 pair of boots (worn)
 p - a +2 cloak (worn)
 v - +0 acid dragon scales (worn)
 x - a +0 chain mail
 C - a +0 hat of willpower (worn)
Jewellery
 e - a ring of positive energy (right hand)
 j - a ring of protection from cold (left hand)
 s - a ring of flight
Wands
 b - a wand of paralysis (10)
 f - a wand of light (7)
 i - a wand of roots (3)
 r - a wand of polymorph (10)
 y - a wand of mindburst (7)
 B - a wand of flame (20)
Scrolls
 a - a scroll of fog
 d - a scroll of fear
 l - 2 scrolls of immolation
 o - 3 scrolls of enchant armour
 t - a scroll of teleportation
 A - a scroll of poison
Potions
 c - a potion of cancellation
 h - 2 potions of haste
 m - 2 potions of flight
 n - a potion of resistance
 q - 5 potions of curing
 u - 4 potions of attraction {unknown}
 w - 2 potions of heal wounds
 D - a potion of ambrosia {unknown}


   Skills:
 + Level 9.4 Fighting
 + Level 14.3 Axes
 + Level 10.3 Armour
 - Level 2.1 Dodging


You had 9 spell levels left.
You didn't know any spells.
Your spell library was empty.

Dungeon Overview and Level Annotations

Branches:
Dungeon (8/15) Zot: 26103  Temple (0/1) D:4           Sewer (visited)
   Lair: D:8-11

Altars:
Ashenzari
Dithmenos
Elyvilon
Fedhas
Hepliaklqana
Kikubaaqudgha
Nemelex Xobeh
Qazlal
Trog
Uskayaw
Vehumet
Xom

Shops:
D:7 :[:(

Annotations:
D:8 Psyche


Innate Abilities, Weirdness & Mutations

You have a pair of horns on your head.
You reflexively headbutt those who attack you in melee.


Message History

A starspawn tentacle comes into view.
You hit the raiju but do no damage.
The raiju is severely wounded.
You hit the tentacled starspawn but do no damage.
You hit the starspawn tentacle. You freeze the starspawn tentacle.
The starspawn tentacle completely misses you.
The raiju closely misses you.
The tentacled starspawn completely misses you.
The tentacled starspawn tentacle-slaps you!
You closely miss the raiju. You headbutt the raiju!
You kill the raiju!
Trog accepts your kill.
You hit the starspawn tentacle. You freeze the starspawn tentacle.
You hit the tentacled starspawn. You freeze the tentacled starspawn.
The starspawn tentacle grabs you. The starspawn tentacle constricts you.
The starspawn tentacle loses its grip on you.
The tentacle pulls you backwards!
A tentacled starspawn comes into view.
The starspawn tentacle grabs you. The starspawn tentacle constricts you.
The tentacled starspawn moves out of view.
You hit the tentacled starspawn. You freeze the tentacled starspawn.
The starspawn tentacle loses its grip on you.
The tentacled starspawn is moderately damaged.
You hit the starspawn tentacle. You freeze the starspawn tentacle.
The tentacled starspawn bites you!!
The tentacled starspawn barely misses you.
The starspawn tentacle grabs you. The starspawn tentacle constricts you.
You hit the tentacled starspawn. You freeze the tentacled starspawn.
The starspawn tentacle loses its grip on you.
The tentacled starspawn is moderately damaged.
You hit the starspawn tentacle but do no damage.
The tentacled starspawn bites you!!
* * * LOW HITPOINT WARNING * * *
The tentacled starspawn tentacle-slaps you but does no damage.
The starspawn tentacle closely misses you.
You furiously retaliate!
You headbutt the starspawn tentacle! The tentacled starspawn bites you!
* * * LOW HITPOINT WARNING * * *
The tentacled starspawn tentacle-slaps you.
You die...

## .# ### .##
..# #.# ##.#
.#.
#.###.##X....
#.#.wX@......#
#..#│##w.#.###
... #.# #..#
... .. #..
...# .#.~~#
.>.. ...#
#..~~ ...#.
##... #...♣
##...#. ... #.
. .#. .# ..
..#. .


You could see 2 tentacled starspawn and 2 starspawn tentacles.

Vanquished Creatures
  Gastronok (D:8)
  A two-headed ogre (D:8)
  Maggie (D:7)
  2 ancient zymes (Abyss:1)
  A raiju (Abyss:1)
  A wyvern (D:7)
  A large abomination (Abyss:1)
  A ynoxinul (Abyss:1)
  Grum (D:8)
  A water moccasin (D:8)
  An orc warrior (D:7)
  3 black bears
  2 ice beasts (D:7)
  3 ogres
  3 wolves (D:8)
  3 centaurs
  A phantom (D:7)
  3 kobold brigands
  3 bullfrogs
  A gnoll sergeant (D:8)
  A scorpion (D:5)
  6 wights (D:7)
  2 electric eels (D:7)
  2 hounds
  3 jellies
  A gnoll bouda (D:7)
  3 orc priests
  A sleepcap (D:7)
  An iguana (D:4)
  7 orc wizards
  6 adders
  10 gnolls
  A shadow imp (D:7)
  A white imp (D:6)
  An ufetubus (Abyss:1)
  2 worms (D:4)
  3 dart slugs
  16 orcs
  6 ball pythons
  7 bats
  11 endoplasms
  11 giant cockroaches
  9 hobgoblins
  4 jackals (D:4)
  17 kobolds
  10 quokkas
  8 frilled lizards
  5 goblins
  8 rats
197 creatures vanquished.

Vanquished Creatures (others)
  An orc (D:6)
  A starspawn tentacle (Abyss:1)
2 creatures vanquished.

Grand Total: 199 creatures vanquished

Notes
Turn   | Place    | Note
-------+----------+-------------------------------------------
     0 | D:1      | Dirian the Minotaur Berserker began the quest for the Orb.
     0 | D:1      | Reached XP level 1. HP: 19/19 MP: 0/0
   272 | D:1      | Reached XP level 2. HP: 27/27 MP: 1/1
   284 | D:1      | Reached skill level 4 in Axes
   887 | D:2      | Reached XP level 3. HP: 34/34 MP: 2/2
   990 | D:2      | Reached ** piety under Trog
  2492 | D:4      | Reached XP level 4. HP: 29/41 MP: 3/3
  2541 | D:4      | Reached skill level 5 in Axes
  2568 | D:4      | Found a bloodstained altar of Trog.
  2568 | D:4      | Found a radiant altar of Vehumet.
  2572 | D:4      | Found a stormy altar of Qazlal.
  2573 | D:4      | Found a hide-covered altar of Uskayaw.
  2576 | D:4      | Reached skill level 5 in Fighting
  2581 | D:4      | Found a blossoming altar of Fedhas.
  2581 | D:4      | Found a white marble altar of Elyvilon.
  2596 | D:4      | Found a shadowy altar of Dithmenos.
  2599 | D:4      | Found a broken altar of Ashenzari.
  2623 | D:4      | Reached XP level 5. HP: 48/48 MP: 4/4
  2692 | D:4      | Found a staircase to the Ecumenical Temple.
  3291 | D:5      | Entered Level 5 of the Dungeon
  3329 | D:5      | Reached skill level 6 in Axes
  3357 | D:5      | Found a glowing drain.
  3382 | Sewer    | Entered a sewer
  3427 | Sewer    | Reached *** piety under Trog
  3508 | Sewer    | Reached XP level 6. HP: 56/56 MP: 5/5
  3628 | Sewer    | Identified the +3 great sword "Jiulol" {drain, rF- rC+++
                  | Int+2}
  3701 | D:5      | Found a hazy altar of Hepliaklqana.
  3784 | D:5      | Reached skill level 7 in Axes
  3784 | D:5      | Reached XP level 7. HP: 30/62 MP: 6/6
  3947 | D:5      | Reached skill level 5 in Armour
  4389 | D:5      | Reached skill level 8 in Axes
  4631 | D:6      | Reached **** piety under Trog
  4688 | D:6      | Reached XP level 8. HP: 53/71 MP: 7/7
  4740 | D:6      | Found a shimmering altar of Xom.
  4970 | D:6      | Reached skill level 9 in Axes
  5531 | D:7      | Identified the +8 dagger of the Hero {flame, *Slow rC+
                  | Int+3}
  5625 | D:7      | Reached skill level 10 in Axes
  5824 | D:7      | Reached XP level 9. HP: 79/79 MP: 8/8
  5888 | D:7      | Found Pemof's Book Shop.
  5900 | D:7      | Reached skill level 11 in Axes
  6095 | D:7      | Found Evusm's Armour Boutique.
  6112 | D:7      | Found Ilavisos's Weapon Boutique.
  6157 | D:7      | Noticed Maggie
  6167 | D:7      | Killed Maggie
  6245 | D:7      | Found Xorchaula's Book Boutique.
  6360 | D:7      | Found an ancient bone altar of Kikubaaqudgha.
  6569 | D:8      | Noticed a two-headed ogre
  6570 | D:8      | Noticed Grum
  6580 | D:8      | Killed a two-headed ogre
  6581 | D:8      | Reached skill level 12 in Axes
  6587 | D:8      | Killed Grum
  6830 | D:8      | Reached XP level 10. HP: 74/90 MP: 9/9
  7027 | D:8      | Reached skill level 13 in Axes
  7085 | D:8      | Found a sparkling altar of Nemelex Xobeh.
  7117 | D:8      | Noticed Gastronok
  7129 | D:8      | Killed Gastronok
  7130 | D:8      | Reached skill level 10 in Armour
  7402 | D:8      | Noticed Psyche
  7413 | Abyss:1  | Cast into level 1 of the Abyss (Psyche)
  7484 | Abyss:1  | Reached skill level 14 in Axes
  7527 | Abyss:1  | Noticed a wretched star
  7531 | Abyss:1  | Noticed a tentacled starspawn
  7539 | Abyss:1  | Noticed a tentacled starspawn
  7541 | Abyss:1  | HP: 1/91 [tentacled starspawn (13)]
  7541 | Abyss:1  | Slain by a tentacled starspawn

Illustrated notes

Levels and vault maps discovered:
D:1:      amcnicky_arrival_gap_in_the_tavern_cellar, layout_basic
D:2:      minmay_wonky_spiral, layout_basic
D:3:      layout_basic
D:4:      layout_basic, nicolae_overflow_hallway_of_the_gods,
          minmay_temple_entry_waves
D:5:      layout_loops_cross, mainiacjoe_overflow_paths, gup_sewer_entry_pipe
D:6:      layout_cave_pools, old_standard_altar
D:7:      layout_loops_ring, marbit_many_paths, serial_shops, shop,
          nicolae_shop_tiny_waterfront, shop, shop, fountainhead, uniq_maggie
D:8:      layout_loops_corners, mainiacjoe_overflow_alcove_2, tgw_sif,
          kennysheep_little_box, minmay_misc_feat_secret_circle, uniq_grum,
          uniq_psyche, uniq_gastronok
Abyss:1:  base: D:1, minivault_4

Skill      XL: |  1  2  3  4  5  6  7  8  9 10 |
---------------+-------------------------------+-----
Fighting       | 4 5 6 7 8 9 |  9.4
Axes           | 4 5 6 7 8 10 12 14 | 14.3
Armour         | 3 4 6 7 9 10 | 10.3
Dodging        | |  2.1

Action                     |  1- 3 |  4- 6 |  7- 9 | 10-12 || total
---------------------------+-------+-------+-------+-------++-------
  Melee: Hand axe          |   113 |   138 |    74 |       ||   325
         Headbutt          |    18 |    31 |    39 |    10 ||    98
         Punch             |       |     2 |       |     1 ||     3
         War axe           |       |       |    97 |    65 ||   162
 Invoke: Berserk           |       |     1 |     5 |     3 ||     9
         Trog's Hand       |       |       |     4 |     3 ||     7
    Use: Scroll            |     8 |     2 |    10 |       ||    20
   Stab: Sleeping          |     1 |       |       |       ||     1
 Armour: Animal skin       |    11 |       |       |       ||    11
         Ring mail         |    25 |    52 |     8 |       ||    85
         Chain mail        |       |       |    76 |       ||    76
         Acid dragon scale |       |       |     6 |    21 ||    27
  Dodge: Dodged            |    74 |    83 |    83 |    35 ||   275
